General information
- name: BNet
- type: Ladder team game (AT/RT)
- host: Battle.net
- saver: HoneyBlunt
map: Friends
- players: 8
- length: 22:48
- speed: Fast
- version: 1.24 W3XP
- replay type: Public
» download(180 KB)
Players
team 1 (winner)
HoneyBlunt (
teal | 80 APM | 1826 actions | 22:48)
5 Keeper of the Grove
3 Entangling Roots
1 Thorns Aura
1 Force of Nature
4 Tauren Chieftain
2 War Stomp
2 Endurance Aura
3 Shadow Hunter
2 Hex
1 Healing Wave
4 Priestess of the Moon
2 Trueshot Aura
2 Scout
» actions
| Assign group hotkey | 21 | |
| Basic commands | 90 | |
| Build / train | 100 | |
| Enter build submenu | 28 | |
| Enter hero's abilities submenu | 16 | |
| Right click | 729 | |
| Select / deselect | 418 | |
| Select group hotkey | 271 | |
| Use ability | 153 | |
1826 total
» units
| Wisp | 11 | |
| Peon | 6 | |
| Archer | 10 | |
| Grunt | 4 | |
| Dryad | 10 | |
| Troll Batrider | 16 | |
57 total
» upgrades
| Improved Bows | 1 | |
| Spiked Barricades | 1 | |
| Ranged Weapons | 2 | |
| Armor | 1 | |
| Abolish Magic | 1 | |
| Shaman Training | 1 | |
| Strength of the Wild | 2 | |
| Reinforced Hides | 1 | |
| Liquid Fire | 1 | |
| Reinforced Defenses | 1 | |
| Nature's Blessing | 1 | |
13 total
» buildings
| Moon Well | 8 | |
| Altar of Elders | 1 | |
| Orc Burrow | 6 | |
| Altar of Storms | 1 | |
| Ancient of War | 1 | |
| War Mill | 1 | |
| Ancient of Wonders | 1 | |
| Voodoo Lounge | 1 | |
| Barracks | 1 | |
| Watch Tower | 5 | |
| Tree of Ages | 4 | |
| Stronghold | 1 | |
| Hunter's Hall | 1 | |
| Ancient of Lore | 2 | |
| Beastiary | 3 | |
| Spirit Lodge | 1 | |
| Fortress | 1 | |
| Tree of Eternity | 1 | |
40 total
» build order
00:21 Moon Well
00:27 Altar of Elders
00:38 Orc Burrow
00:42 Altar of Storms
00:57 Ancient of War
01:01 War Mill
01:28 Orc Burrow
01:35 Moon Well
01:42 Ancient of Wonders
01:47 Voodoo Lounge
02:21 Barracks
02:28 Moon Well
02:38 Orc Burrow
03:00 Watch Tower
03:13 Watch Tower
03:24 Tree of Ages
03:24 Tree of Ages
03:24 Tree of Ages
04:27 Stronghold
04:30 Watch Tower
04:42 Hunter's Hall
07:22 Ancient of Lore
07:25 Ancient of Lore
07:30 Beastiary
07:34 Beastiary
07:39 Beastiary
07:42 Orc Burrow
07:43 Orc Burrow
07:44 Orc Burrow
07:49 Watch Tower
07:53 Watch Tower
07:58 Spirit Lodge
08:46 Fortress
10:30 Moon Well
10:31 Moon Well
10:32 Moon Well
10:35 Moon Well
10:36 Moon Well
10:38 Tree of Eternity
» items
| Scroll of Regeneration | 1 | |
| Scroll of Town Portal | 2 | |
3 total
651684313219687 (
purple | 119 APM | 2702 actions | 22:48)
4 Demon Hunter
2 Mana Burn
2 Evasion
4 Goblin Tinker
2 Pocket Factory
2 Engineering Upgrade
1 Shadow Hunter
1 Healing Wave
» actions
| Assign group hotkey | 9 | |
| Basic commands | 288 | |
| Build / train | 63 | |
| ESC pressed | 1 | |
| Enter build submenu | 20 | |
| Enter hero's abilities submenu | 9 | |
| Remove unit from queue | 1 | |
| Right click | 986 | |
| Select / deselect | 670 | |
| Select group hotkey | 569 | |
| Use ability | 79 | |
2702 total
» units
| Wisp | 19 | |
| Archer | 4 | |
| Goblin Zeppelin | 1 | |
| Mountain Giant | 7 | |
| Forest Troll Shadow Priest | 1 | |
32 total
» upgrades
| Ultravision | 1 | |
| Strength of the Wild | 3 | |
| Druid of the Claw Training | 2 | |
| Reinforced Hides | 3 | |
| Hardened Skin | 1 | |
| Resistant Skin | 1 | |
| Well Spring | 1 | |
| Mark of the Claw | 1 | |
13 total
» buildings
| Moon Well | 8 | |
| Altar of Elders | 1 | |
| Ancient of War | 1 | |
| Ancient of Wonders | 2 | |
| Tree of Ages | 1 | |
| Hunter's Hall | 1 | |
| Ancient of Lore | 2 | |
| Tree of Eternity | 1 | |
| Tree of Life | 1 | |
18 total
» build order
00:12 Moon Well
00:23 Altar of Elders
00:40 Ancient of War
01:29 Moon Well
02:30 Moon Well
02:59 Ancient of Wonders
03:17 Tree of Ages
04:31 Hunter's Hall
05:37 Moon Well
06:39 Ancient of Lore
06:40 Ancient of Lore
07:00 Moon Well
07:19 Tree of Eternity
07:53 Moon Well
09:16 Moon Well
10:34 Moon Well
19:35 Ancient of Wonders
21:21 Tree of Life
» items
| Staff of Preservation | 2 | |
| Orb of Venom | 1 | |
3 total

»
warhawk123 (
yellow | 15 APM | 9 actions | 00:35)

»
eastass (
red | 97 APM | 2204 actions | 22:48)
4 Mountain King
2 Storm Bolt
2 Bash
2 Blood Mage
1 Banish
1 Siphon Mana
» actions
| Assign group hotkey | 166 | |
| Basic commands | 15 | |
| Build / train | 83 | |
| Enter build submenu | 37 | |
| Enter hero's abilities submenu | 6 | |
| Give item / drop item | 1 | |
| Remove unit from queue | 19 | |
| Right click | 1299 | |
| Select / deselect | 436 | |
| Select group hotkey | 69 | |
| Use ability | 71 | |
2204 total
» units
| Peasant | 16 | |
| Footman | 9 | |
| Spell Breaker | 4 | |
| Priest | 1 | |
| Rifleman | 1 | |
| Flying Machine | -2 | |
29 total
» upgrades
| Lumber Harvesting | 1 | |
| Defend | 1 | |
| Swords | 2 | |
| Masonry | 1 | |
| Gunpowder | 2 | |
| Shaman Training | 1 | |
| Ranged Weapons | 1 | |
| Long Rifles | 1 | |
| Flying Machine Bombs | 1 | |
| Flak Cannons | 2 | |
13 total
» buildings
| Altar of Kings | 2 | |
| Farm | 13 | |
| Barracks | 2 | |
| Scout Tower | 6 | |
| Lumber Mill | 1 | |
| Arcane Tower | 1 | |
| Arcane Vault | 1 | |
| Keep | 1 | |
| Blacksmith | 1 | |
| Guard Tower | 4 | |
| Arcane Sanctum | 2 | |
| Workshop | 3 | |
| Castle | 1 | |
38 total
» build order
00:16 Altar of Kings
00:22 Farm
00:24 Barracks
00:29 Barracks
00:52 Farm
01:40 Scout Tower
01:58 Lumber Mill
02:07 Arcane Tower
02:41 Farm
02:57 Arcane Vault
03:36 Keep
03:49 Farm
05:24 Farm
06:42 Altar of Kings
06:48 Scout Tower
06:50 Scout Tower
06:52 Scout Tower
07:27 Blacksmith
07:29 Guard Tower
07:32 Scout Tower
07:49 Farm
08:07 Guard Tower
08:08 Guard Tower
08:39 Arcane Sanctum
08:47 Scout Tower
08:52 Farm
09:28 Guard Tower
10:16 Arcane Sanctum
15:39 Workshop
15:41 Workshop
15:44 Workshop
17:45 Castle
19:52 Farm
19:55 Farm
19:57 Farm
20:00 Farm
20:01 Farm
20:05 Farm
» items
| Scroll of Regeneration | 3 | |
| Scroll of Town Portal | 1 | |
| Potion of Healing | 2 | |
6 total
team 2 (loser)
theLeastAmongUs (
green | 61 APM | 1149 actions | 18:49)
3 Demon Hunter
2 Immolation
1 Evasion
3 Priestess of the Moon
2 Trueshot Aura
1 Scout
» actions
| Assign group hotkey | 19 | |
| Basic commands | 176 | |
| Build / train | 60 | |
| Enter build submenu | 13 | |
| Enter hero's abilities submenu | 6 | |
| Give item / drop item | 2 | |
| Right click | 271 | |
| Select / deselect | 129 | |
| Select group hotkey | 415 | |
| Use ability | 58 | |
1149 total
» units
» upgrades
| Strength of the Moon | 3 | |
| Moon Armor | 3 | |
| Improved Bows | 1 | |
| Marksmanship | 1 | |
8 total
» buildings
| Moon Well | 7 | |
| Altar of Elders | 1 | |
| Ancient of War | 1 | |
| Hunter's Hall | 1 | |
| Ancient of Wonders | 1 | |
| Tree of Ages | 1 | |
| Ancient Protector | 2 | |
| Tree of Eternity | 1 | |
15 total
» build order
00:10 Moon Well
00:13 Altar of Elders
01:07 Ancient of War
01:29 Moon Well
01:49 Moon Well
03:09 Moon Well
03:22 Hunter's Hall
04:17 Ancient of Wonders
04:34 Moon Well
04:56 Tree of Ages
07:08 Ancient Protector
10:08 Moon Well
10:34 Tree of Eternity
11:04 Ancient Protector
11:37 Moon Well
» items
| Scroll of Town Portal | 4 | |
| Potion of Healing | 6 | |
| Dust of Appearance | 1 | |
| Moonstone | 1 | |
| Lesser Clarity Potion | 1 | |
| Orb of Venom | 1 | |
| Potion of Mana | 2 | |
16 total
Kamn. (
orange | 53 APM | 1022 actions | 19:20)
3 Death Knight
2 Death Coil
1 Unholy Aura
» actions
| Basic commands | 3 | |
| Build / train | 38 | |
| Enter build submenu | 19 | |
| Enter hero's abilities submenu | 3 | |
| Remove unit from queue | 5 | |
| Right click | 749 | |
| Select / deselect | 178 | |
| Use ability | 27 | |
1022 total
» units
| Acolyte | 2 | |
| Ghoul | 10 | |
| Gargoyle | 5 | |
| Frost Wyrm | 4 | |
21 total
» upgrades
| Creature Attack | 1 | |
| Creature Carapace | 1 | |
| Web | 0 | |
2 total
» buildings
| Altar of Darkness | 1 | |
| Ziggurat | 7 | |
| Crypt | 1 | |
| Tomb of Relics | 1 | |
| Nerubian Tower | 1 | |
| Halls of the Dead | 1 | |
| Graveyard | 1 | |
| Sacrificial Pit | 1 | |
| Black Citadel | 1 | |
| Boneyard | 3 | |
| Spirit Tower | 2 | |
20 total
» build order
00:13 Altar of Darkness
00:15 Ziggurat
00:33 Crypt
01:07 Ziggurat
01:41 Tomb of Relics
02:38 Nerubian Tower
02:42 Ziggurat
04:12 Halls of the Dead
06:29 Graveyard
07:19 Sacrificial Pit
07:24 Ziggurat
07:26 Black Citadel
10:21 Boneyard
10:23 Boneyard
10:28 Boneyard
13:51 Ziggurat
13:52 Ziggurat
13:59 Ziggurat
15:43 Spirit Tower
15:44 Spirit Tower
» items
| Rod of Necromancy | 1 | |
| Dust of Appearance | 1 | |
2 total
lospepes (
pink | 70 APM | 1598 actions | 22:47)
3 Paladin
2 Holy Light
1 Devotion Aura
4 Mountain King
2 Storm Bolt
2 Bash
1 Death Knight
1 Unholy Aura
» actions
| Assign group hotkey | 31 | |
| Basic commands | 1 | |
| Build / train | 49 | |
| ESC pressed | 2 | |
| Enter build submenu | 17 | |
| Enter hero's abilities submenu | 8 | |
| Give item / drop item | 2 | |
| Right click | 889 | |
| Select / deselect | 240 | |
| Select group hotkey | 278 | |
| Use ability | 81 | |
1598 total
» units
| Peasant | 8 | |
| Footman | 11 | |
| Gryphon Rider | 6 | |
| Knight | 3 | |
28 total
» upgrades
| Defend | 1 | |
| Animal War Training | 1 | |
| Swords | 2 | |
4 total
» buildings
| Altar of Kings | 1 | |
| Farm | 10 | |
| Barracks | 1 | |
| Lumber Mill | 1 | |
| Arcane Vault | 1 | |
| Keep | 1 | |
| Castle | 1 | |
| Gryphon Aviary | 2 | |
| Blacksmith | 1 | |
19 total
» build order
00:12 Altar of Kings
00:15 Farm
00:54 Barracks
01:09 Farm
02:02 Lumber Mill
02:17 Arcane Vault
03:40 Farm
04:21 Keep
04:23 Farm
04:44 Farm
05:45 Farm
07:16 Castle
07:20 Gryphon Aviary
07:29 Gryphon Aviary
09:18 Blacksmith
09:22 Farm
09:23 Farm
14:29 Farm
14:30 Farm
» items
| Scroll of Regeneration | 1 | |
| Lesser Clarity Potion | 2 | |
| Scourge Bone Chimes | 1 | |
| Robe of the Magi +6 | 1 | |
5 total
lightguideme (
blue | 44 APM | 926 actions | 21:08)
2 Blademaster
1 Wind Walk
1 Critical Strike
» actions
| Build / train | 54 | |
| Enter build submenu | 20 | |
| Enter hero's abilities submenu | 3 | |
| Remove unit from queue | 16 | |
| Right click | 564 | |
| Select / deselect | 243 | |
| Use ability | 26 | |
926 total
» units
| Peon | 9 | |
| Grunt | 8 | |
| Troll Headhunter/Berserker | 8 | |
25 total
» upgrades
| Melee Weapons | 2 | |
| Ranged Weapons | 2 | |
| Armor | 1 | |
| Spiked Barricades | 1 | |
| Troll Regeneration | 1 | |
7 total
» buildings
| Altar of Storms | 2 | |
| Barracks | 1 | |
| Orc Burrow | 8 | |
| War Mill | 1 | |
| Stronghold | 1 | |
| Fortress | 1 | |
| Voodoo Lounge | 1 | |
| Tauren Totem | 4 | |
19 total
» build order
00:06 Altar of Storms
00:10 Barracks
00:34 Orc Burrow
01:50 Orc Burrow
02:27 Altar of Storms
03:06 Orc Burrow
05:29 War Mill
09:31 Stronghold
10:09 Orc Burrow
12:05 Fortress
12:09 Orc Burrow
13:19 Voodoo Lounge
14:36 Tauren Totem
15:26 Tauren Totem
16:40 Tauren Totem
16:45 Tauren Totem
17:40 Orc Burrow
18:42 Orc Burrow
20:20 Orc Burrow
» items
Chat log
(00:07 / Allies) HoneyBlunt: hi
(00:12 / Allies) HoneyBlunt: kotg
(00:19 / Allies) warhawk123: ho
(00:28 / Allies) 651684313219687: dh
(00:35 / All) Kamn.: lol
(00:35 / All) theLeastAmongUs: too funny
(00:37 / All) lospepes: ypp nsf
(00:41 / All) Kamn.: i am white if u want to no
(00:42 / All) Kamn.: lol
(00:48 / All) 651684313219687: lol
(00:49 / All) theLeastAmongUs: no we dont
(00:59 / All) lospepes: i do
(01:03 / All) Kamn.: lol
(05:00 / Allies) 651684313219687: b
(05:05 / Allies) 651684313219687: militia
(08:18 / Allies) 651684313219687: who is getting aa
(11:05 / Allies) HoneyBlunt: bbb
(11:19 / Allies) 651684313219687: red
(11:20 / Allies) HoneyBlunt: BAVK
(18:31 / Allies) 651684313219687: gold please
(18:38 / Allies) 651684313219687: gold please
(18:40 / Allies) 651684313219687: tu
(18:47 / All) theLeastAmongUs: gg
(19:29 / All) HoneyBlunt: gg
(21:48 / All) lospepes: fucking noobs
(22:25 / All) lospepes: die nigga
(22:41 / All) lospepes: just going around owning u guys heros